cohdb
Replays
Latest Replays
All Replays
Popular Replays
Top Player Replays
Match Explorer
How It Works
Community
CoH3 Stats
Reddit
Sign in to upload your games and track your stats! →
Sign in with Steam
Match 46800599
Unlisted
Match 46800599
Overview
Messages
Build Orders
End
Construct Infanterie Kompanie
Pioneer Squad
Grenadier Squad
Grenadier Squad
Grenadier Squad
Medical Station
Construct Luftwaffe Kompanie
Pioneer Squad
Support Elements
Wirbelwind Flakpanzer
Wirbelwind Flakpanzer
Jäger Squad
Side Skirts
Capibimbambombolilalone ITA
Konrad Curze
FLOKL
Boneless
Arwootarch
BazookaJoe
0
0
Comments
sign in to comment!
No comments posted yet!